[Event "Vienna Championship-B 2022"]
[Site "Vienna"]
[Date "2022.09.24"]
[Round "8.1"]
[White "Wagner, Leopold Franziskus"]
[Black "Kummer, Helmut"]
[Result "1/2-1/2"]
[ECO "C49"]
[WhiteElo "2201"]
[BlackElo "2203"]
[Annotator "TA"]
[PlyCount "59"]
[EventDate "2022.09.17"]
[EventType "swiss"]
[EventCountry "AUT"]
[SourceTitle "playchess.com"]
[Source "ChessBase"]
[SourceQuality "1"]
[TimeControl "5400+30"]

1. e4 e5 2. Nf3 Nc6 3. Bb5 Nf6 4. Nc3 Bb4 5. O-O O-O 6. d3 d6 7. Bg5 Bxc3 8. bxc3 h6 $1 {[%emt 0:04:33][%mdl 4] now scores much better than the old 8...Qe7.} 9. Bxf6 {[%emt 0:00:39] C49: Four Knights: 4 Bb5 Bb4.} Qxf6 10. Bxc6 bxc6 11. Qe2 Bg4 12. h3 Be6 {[%emt 0:03:01] [#]} (12... Bxf3 $15 {feels stronger.} 13. Qxf3 Qxf3 14. gxf3 Rab8) 13. Nd2 $146 ({Predecessor:} 13. a3 Rfb8 14. Rfb1 Rb6 15. Qe3 Rab8 16. Nd2 c5 17. Rxb6 axb6 18. c4 Ra8 19. Nb1 {0-1 (61) Piper,S (2057)-Ociepka,A (2146) England 2013}) 13... c5 14. Qe3 Rab8 15. c4 Rb6 16. Rfb1 Rfb8 17. Rb3 Qg6 18. Rab1 Bd7 19. Rc1 Bc6 20. Qg3 Kh7 21. Qxg6+ Kxg6 22. f3 Kf6 23. Kf2 Ke6 24. Ke3 g6 25. Nf1 f5 26. Kd2 Rf8 27. Ne3 {[%emt 0:01:11] The position is equal.} Kd7 28. Ke2 Ra6 29. Rb2 Rb6 30. Rb3 {[%emt 0:00:05] Weighted Error Value: White=0.13 (very precise) /Black=0.14 (very precise)} 1/2-1/2

[Event "Vienna Championship-B 2022"]
[Site "Vienna"]
[Date "2022.09.24"]
[Round "8.4"]
[White "Ginther, Tobias"]
[Black "Pavlov, Alexander"]
[Result "0-1"]
[ECO "C87"]
[WhiteElo "1766"]
[BlackElo "1751"]
[Annotator "NA RC COMBH"]
[PlyCount "60"]
[EventDate "2022.09.17"]
[EventType "swiss"]
[EventCountry "AUT"]
[SourceTitle "playchess.com"]
[Source "ChessBase"]
[SourceQuality "1"]
[TimeControl "5400+30"]

1. e4 e5 2. Nf3 Nc6 3. Bb5 a6 4. Ba4 Nf6 5. O-O d6 6. Re1 Be7 7. c3 O-O 8. h3 h6 9. d4 Nh7 10. Bxc6 bxc6 11. dxe5 Ng5 12. Nxg5 Bxg5 13. Bxg5 Qxg5 14. exd6 Bxh3 15. Qf3 Bg4 16. Qg3 cxd6 17. Qxd6 f5 18. Qxc6 Bf3 19. Qc4+ Kh8 20. Qf1 fxe4 21. Re3 Rad8 22. Na3 Rf4 23. g3 Qh5 24. Rxf3 Rxf3 25. Qg2 Rd2 26. Nc4 Rdxf2 27. Qxf2 Rxf2 28. Kxf2 Qf3+ 29. Kg1 Qxg3+ 30. Kh1 e3 0-1

[Event "Vienna Championship-B 2022"]
[Site "Vienna"]
[Date "2022.09.24"]
[Round "8.6"]
[White "Schwabeneder, Alois"]
[Black "Hirsch, Adolf Jun."]
[Result "0-1"]
[ECO "C00"]
[WhiteElo "1911"]
[BlackElo "1731"]
[Annotator "TA"]
[PlyCount "68"]
[EventDate "2022.09.17"]
[EventType "swiss"]
[EventCountry "AUT"]
[SourceTitle "playchess.com"]
[Source "ChessBase"]
[SourceQuality "1"]
[TimeControl "5400+30"]

1. e4 e6 2. Qe2 c5 3. g3 Nc6 4. c3 g6 5. Bg2 Bg7 6. Nf3 Nge7 7. O-O O-O 8. Rd1 {[%emt 0:00:26] C00: French: Unusual White 2nd moves.} d5 9. d3 d4 ({Black should play} 9... e5 $11) 10. cxd4 {[%emt 0:05:58] White is slightly better.} Nxd4 11. Nxd4 {[%emt 0:00:12] [#]} cxd4 $146 ({Predecessor:} 11... Bxd4 12. Nd2 Rb8 13. Nb3 Nc6 14. Bh6 Re8 15. Rac1 b6 16. Nxd4 Nxd4 17. Qe3 e5 {1-0 (41) Pokusaev,V (2230)-Vetryansky,V (2220) Saratov 2009}) 12. f4 (12. e5 $14) 12... Bd7 (12... e5 $11) 13. Nd2 (13. e5 $14) 13... Rc8 14. Nc4 Bc6 (14... e5 $11) 15. b3 b5 16. Ne5 Ba8 17. Ba3 Re8 18. Rac1 $36 {[%emt 0:01:35][%mdl 2048] Black is under pressure.} f6 19. Nf3 Nc6 20. Bh3 f5 21. e5 b4 22. Bb2 Qb6 (22... Qa5 $14) 23. Bg2 $16 Bf8 24. Rc4 Bc5 25. Rdc1 Ne7 $2 (25... Na5 $16) 26. Kh1 $2 (26. Qc2 $18) 26... Bd5 $11 27. R4c2 (27. Nxd4 $2 Bxd4 28. Rxc8 Rxc8 $19) 27... Bb7 28. Qf2 Red8 (28... Nd5 $14) 29. Ng5 $16 {[%emt 0:08:43][%cal Oc2c5] And now Rxc5! would win.} Bxg2+ (29... Bd5 $142) 30. Kxg2 (30. Qxg2 $16 {[%cal Oc2c5] Black must now prevent Rxc5!} Rd7 {[#]} 31. Nxe6 $1 Qxe6 32. Rxc5 Rxc5 33. Rxc5) 30... h6 {[%emt 0:00:00] [#]} ({Better is} 30... Nd5 $1 $14) 31. Nxe6 $1 Qxe6 32. Rxc5 Rxc5 33. Rxc5 {[%emt 0:00:06] Hoping for Qc2.} Rc8 (33... Qa6 $16) 34. Qc2 $4 ({Much less strong is} 34. Qxd4 Rxc5 35. Qxc5 Qc6+ 36. Qxc6 Nxc6 $18) (34. Rxc8+ $18 Qxc8 35. Bxd4 (35. Qxd4 Qc2+ 36. Kh3 Qe2 $16)) 34... Qd5+ $1 {[%emt 0:00:00][%mdl 64] Pin, Double Attack.  Weighted Error Value: White=0.69/Black=0.45} 0-1

[Event "Vienna Championship-B 2022"]
[Site "Vienna"]
[Date "2022.09.24"]
[Round "8.8"]
[White "Krejcar, Walter"]
[Black "Wickramasinghe, Nathaniel"]
[Result "0-1"]
[ECO "B08"]
[WhiteElo "1770"]
[BlackElo "1760"]
[Annotator "NA RC COMBH"]
[PlyCount "100"]
[EventDate "2022.09.17"]
[EventType "swiss"]
[EventCountry "AUT"]
[SourceTitle "playchess.com"]
[Source "ChessBase"]
[SourceQuality "1"]
[TimeControl "5400+30"]

1. d4 Nf6 2. Bf4 g6 3. Nc3 Bg7 4. e4 d6 5. Be2 O-O 6. Nf3 Nbd7 7. Qd2 e5 8. dxe5 dxe5 9. Nxe5 Nxe4 10. Nxe4 Nxe5 11. O-O-O Bf5 12. Qxd8 Rfxd8 13. Ng3 Be6 14. Kb1 c6 15. h4 b5 16. h5 a5 17. hxg6 hxg6 18. Ne4 a4 19. Nc5 Bf5 20. f3 Rxd1+ 21. Rxd1 Re8 22. Ne4 Nc4 23. Bxc4 Bxe4 24. Bxf7+ Kxf7 25. fxe4 Rxe4 26. Rf1 Ke6 27. c3 Re2 28. g3 b4 29. Rd1 Kf5 30. Bd2 bxc3 31. bxc3 a3 32. Kc2 Bh6 33. Kb3 Bxd2 34. Kxa3 Bxc3 35. Rd6 Re6 36. Rd3 Be5 37. Kb3 Rd6 38. Re3 Rd2 39. a4 Rg2 40. Kc4 Rxg3 41. Re2 Ra3 42. Kc5 Rxa4 43. Kxc6 g5 44. Kd5 Rd4+ 45. Kc5 g4 46. Rf2+ Rf4 47. Ra2 g3 48. Ra8 g2 49. Rg8 Rg4 50. Rf8+ Bf6 0-1

[Event "Vienna Championship-B 2022"]
[Site "Vienna"]
[Date "2022.09.24"]
[Round "8.9"]
[White "Anastasakis, Georgios"]
[Black "Paseka, Christian"]
[Result "1-0"]
[ECO "B56"]
[WhiteElo "1893"]
[BlackElo "1568"]
[Annotator "NA RC COMBH"]
[PlyCount "57"]
[EventDate "2022.09.17"]
[EventType "swiss"]
[EventCountry "AUT"]
[SourceTitle "playchess.com"]
[Source "ChessBase"]
[SourceQuality "1"]
[TimeControl "5400+30"]

1. e4 c5 2. Nf3 d6 3. d4 cxd4 4. Nxd4 Nf6 5. Nc3 Nc6 6. f3 e5 7. Nb3 a5 8. Be3 Be6 9. Qd2 Be7 10. O-O-O O-O 11. g4 h6 12. h4 Nh7 13. Nd5 Bxd5 14. exd5 Nb8 15. Bd3 f6 16. Rdg1 Nd7 17. Kb1 Nc5 18. Nxc5 dxc5 19. Bxh6 gxh6 20. Qxh6 Rf7 21. g5 fxg5 22. hxg5 Bxg5 23. Rxg5+ Qxg5 24. Bxh7+ Rxh7 25. Qxg5+ Rg7 26. Qh6 Rf8 27. Qe6+ Rff7 28. d6 b5 29. d7 1-0

[Event "Vienna Championship-B 2022"]
[Site "Vienna"]
[Date "2022.09.24"]
[Round "8.10"]
[White "Reif, Werner"]
[Black "Marinovic, Sara"]
[Result "1/2-1/2"]
[ECO "D02"]
[WhiteElo "1747"]
[BlackElo "1384"]
[Annotator "NA RC COMBH"]
[PlyCount "130"]
[EventDate "2022.09.17"]
[EventType "swiss"]
[EventCountry "AUT"]
[SourceTitle "playchess.com"]
[Source "ChessBase"]
[SourceQuality "1"]
[TimeControl "5400+30"]

1. d4 d5 2. Nf3 Nf6 3. c3 c5 4. dxc5 e6 5. Be3 Nc6 6. b4 a5 7. b5 Ne7 8. a4 Ng6 9. Nd4 Ng4 10. Qc1 Nxe3 11. Qxe3 Bxc5 12. Qd2 O-O 13. e3 Re8 14. g3 Qf6 15. Bg2 Ne5 16. O-O Nc4 17. Qe2 Rd8 18. Nb3 Be7 19. e4 Nb6 20. Qe3 e5 21. exd5 Nxd5 22. Qf3 Ra7 23. c4 Nb4 24. Qxf6 Bxf6 25. Be4 b6 26. Nc3 Be6 27. Nd5 Nxd5 28. cxd5 Bxd5 29. Nd2 Be7 30. Rac1 Bxe4 31. Nxe4 f5 32. Nc3 Bc5 33. Rfd1 Rad7 34. Rxd7 Rxd7 35. Rd1 Rxd1+ 36. Nxd1 Bd4 37. Kf1 Kf7 38. Ke2 Ke6 39. Kd3 Kd5 40. Ne3+ Bxe3 41. fxe3 e4+ 42. Kc3 g5 43. h3 Ke5 44. Kd2 f4 45. gxf4+ gxf4 46. exf4+ Kxf4 47. Ke2 Kg3 48. Ke3 Kxh3 49. Kxe4 Kg4 50. Kd5 h5 51. Kc6 h4 52. Kxb6 h3 53. Kxa5 h2 54. Kb6 h1=Q 55. a5 Qh6+ 56. Ka7 Qh7+ 57. Kb6 Qg6+ 58. Ka7 Qf7+ 59. Ka6 Qc4 60. Kb6 Kf5 61. a6 Qe6+ 62. Kc7 Qc4+ 63. Kb6 Qd4+ 64. Kb7 Qd7+ 65. Ka8 Kg5 1/2-1/2

[Event "Vienna Championship-B 2022"]
[Site "Vienna"]
[Date "2022.09.24"]
[Round "8.11"]
[White "Iehl, William"]
[Black "Stadlinger, Lukas"]
[Result "0-1"]
[ECO "E61"]
[WhiteElo "1781"]
[BlackElo "1729"]
[Annotator "NA RC COMBH"]
[PlyCount "72"]
[EventDate "2022.09.17"]
[EventType "swiss"]
[EventCountry "AUT"]
[SourceTitle "playchess.com"]
[Source "ChessBase"]
[SourceQuality "1"]
[TimeControl "5400+30"]

1. Nf3 Nf6 2. c4 g6 3. d4 Bg7 4. Nc3 O-O 5. Bg5 d6 6. e3 c5 7. Be2 h6 8. Bh4 g5 9. Bg3 Nh5 10. Qc2 f5 11. Rd1 Nxg3 12. hxg3 Qe8 13. Nd5 Na6 14. dxc5 dxc5 15. Nxg5 e6 16. Bh5 Qd8 17. Nxe6 Bxe6 18. Nf4 Qf6 19. Rd6 Nc7 20. Nd5 Qe5 21. Ne7+ Kh7 22. Rd2 Rf6 23. Qb3 Bf7 24. Nd5 Nxd5 25. cxd5 Rb6 26. Qc4 Bg8 27. O-O Qd6 28. b3 Rd8 29. Rfd1 Rb4 30. Qc2 Qf8 31. d6 b6 32. Rd3 c4 33. bxc4 Rxc4 34. Qb1 Rc6 35. d7 Rc7 36. Qb5 Bc4 0-1

[Event "Vienna Championship-B 2022"]
[Site "Vienna"]
[Date "2022.09.24"]
[Round "8.12"]
[White "Kunschek, Horst"]
[Black "Pantelic, Slobodan"]
[Result "1/2-1/2"]
[ECO "B44"]
[WhiteElo "1743"]
[BlackElo "1596"]
[Annotator "NA RC COMBH"]
[PlyCount "146"]
[EventDate "2022.09.17"]
[EventType "swiss"]
[EventCountry "AUT"]
[SourceTitle "playchess.com"]
[Source "ChessBase"]
[SourceQuality "1"]
[TimeControl "5400+30"]

1. e4 c5 2. Nf3 Nc6 3. d4 cxd4 4. Nxd4 e6 5. Nxc6 bxc6 6. Be2 d5 7. exd5 cxd5 8. O-O Nf6 9. Bf3 Ba6 10. Re1 Be7 11. h3 O-O 12. b3 Qc7 13. Bb2 Rac8 14. c3 Bb7 15. Nd2 Rfd8 16. Rc1 Ne4 17. Qe2 Nxd2 18. Qxd2 Qa5 19. Ba1 Bf6 20. b4 Qb6 21. Qe3 Qa6 22. Qe2 Rc4 23. Qb2 Qb6 24. a3 Rdc8 25. Qd2 h6 26. Be2 R4c7 27. Qe3 Qc6 28. Qg3 Ba6 29. Bxa6 Qxa6 30. Bb2 Rc4 31. f4 Qb6+ 32. Kh1 Qc7 33. Rf1 a6 34. Qf3 Qc6 35. Rfd1 Qc7 36. f5 Rf4 37. Qe2 Rxf5 38. c4 dxc4 39. Bxf6 Rxf6 40. Rc3 Rf4 41. Rdc1 Qc6 42. Qd2 Re4 43. Qc2 Rd4 44. Qf2 Qd5 45. Kh2 h5 46. Qf3 h4 47. Qxd5 exd5 48. R1c2 Re8 49. Kg1 Rd3 50. Rxd3 cxd3 51. Rd2 Re3 52. Kf2 Rg3 53. a4 Kf8 54. b5 axb5 55. axb5 Rg6 56. Rxd3 Rd6 57. Ke3 Ke7 58. Kd4 Kd7 59. Rc3 Ke6 60. Re3+ Kd7 61. Rc3 g5 62. Kc5 d4 63. Rd3 f5 64. Rxd4 Rxd4 65. Kxd4 Kd6 66. b6 g4 67. b7 Kc7 68. Ke5 gxh3 69. gxh3 Kxb7 70. Kxf5 Kc7 71. Kg5 Kd7 72. Kxh4 Ke7 73. Kg5 Kf7 1/2-1/2